 Dungeon Sprint DCSS version 0.27-a0-67-g4bfc8a49e1 (webtiles) character file.

Game seed: 5358973148127814932

26390 mhtbhm the Sorcerer (level 12, -19/60 HPs)
             Began as a Deep Elf Earth Elementalist on Jan 11, 2021.
             Was the Champion of Vehumet.
             Shot with a bolt by a yaktaur captain (30 damage)
             ... in the Dungeon (Sprint III: "The Ten Rune Challenge").
             The game lasted 00:19:51 (3722 turns).

mhtbhm the Sorcerer (Deep Elf Earth Elementalist)   Turns: 3722, Time: 00:19:52

Health: -19/60     AC:  9    Str: 10    XL:     12   Next: 97%
Magic:  34/44      EV: 17    Int: 36    God:    Vehumet [******]
Gold:   1400       SH:  0    Dex: 16    Spells: 40/63 levels left

rFire    . . .     SeeInvis +   a - staff of earth
rCold    . . .     Faith    .   (no shield)
rNeg     + + .     Spirit   .   c - +2 robe {rPois}
rPois    +         Reflect  .   A - +1 helmet {SInv}
rElec    +         Harm     .   j - +0 cloak
rCorr    .         Rampage  .   E - +0 pair of gloves {Str+3}
Will     +....     NoTele   +   z - +0 pair of boots "Ralemam" {*Contam rN+ Slay+2} (curse)
Stlth    +++.......             (no amulet)
HPRegen  0.20/turn              y - ring of Peret {rN+ Str+4 Int+6 Dex+4}
MPRegen  0.29/turn              u - ring "Xaloch" {rElec rPois Int+4 Dex-3}

@: no status effects
A: poison resistance, screaming 1, weak 1
a: Renounce Religion


You were in the Dungeon.
You worshipped Vehumet.
Vehumet was exalted by your worship.
You visited 1 branch You collected 2043 gold pieces.
You spent 643 gold pieces at shops.

Inventory:

Missiles
 b - 37 stones
 B - 7 curare-tipped darts
Armour
 c - a +2 robe of poison resistance (worn)
 j - a +0 cloak (worn)
 z - the cursed +0 pair of boots "Ralemam" (worn) {*Contam rN+ Slay+2}
   (You found it in the Dungeon)

   It affects your accuracy and damage with ranged weapons and melee attacks
   (+2).
   It protects you from negative energy.
   It causes magical contamination when unequipped.
   It has a curse placed upon it.
 A - a +1 helmet of see invisible (worn)
 E - a +0 pair of gloves of strength (worn)
Magical Staves
 a - an uncursed staff of earth (weapon)
Jewellery
 u - the ring "Xaloch" (right hand) {rElec rPois Int+4 Dex-3}
   (You took it off a deep elf death mage in the Dungeon)

   [ring of poison resistance]

   It affects your intelligence (+4).
   It affects your dexterity (-3).
   It insulates you from electricity.
   It protects you from poison.
 v - the amulet of Giur {Inacc rElec rF+++ rN++ Dex-3}
   (You found it in the Dungeon)

   [amulet of inaccuracy]

   It reduces the accuracy of all your attacks.
   It affects your dexterity (-3).
   It renders you almost immune to fire.
   It insulates you from electricity.
   It greatly protects you from negative energy.
 x - an uncursed ring of willpower
 y - the ring of Peret (left hand) {rN+ Str+4 Int+6 Dex+4}
   (You found it in the Dungeon)

   [ring of intelligence]

   It affects your strength (+4).
   It affects your intelligence (+6).
   It affects your dexterity (+4).
   It protects you from negative energy.
Wands
 t - a wand of iceblast (9)
 w - a wand of enslavement (12)
Scrolls
 e - a scroll of amnesia {unknown}
 i - 3 scrolls of blinking
 k - a scroll of torment {unknown}
 l - a scroll of random uselessness {unknown}
 n - a scroll of holy word {unknown}
 o - 2 scrolls of immolation
 p - a scroll of enchant weapon {unknown}
 C - a scroll of identify
Potions
 d - 2 potions of curing
 f - a potion of haste
 g - a potion of magic
 h - 2 potions of berserk rage
 m - a potion of flight
 q - 2 potions of invisibility {unknown}
 r - a potion of degeneration {unknown}
 s - a potion of might


   Skills:
 + Level 0.7 Fighting
 + Level 7.4 Dodging
 - Level 6.5 Stealth
 + Level 26.3 Spellcasting
 + Level 3.2 Conjurations
 + Level 3.2 Transmutations
 + Level 2.5 Air Magic
 + Level 23.1 Earth Magic
 + Level 3.1 Poison Magic
 + Level 3.1 Evocations


You had 40 spell levels left.
You knew the following spells:

 Your Spells              Type           Power        Failure   Level
a - Sandblast             Erth           100%         0%          1
b - Passwall              Tmut/Erth      99%          0%          2
c - Stone Arrow           Conj/Erth      100%         0%          3
d - Lee's Rapid Deconstr  Erth           72%          0%          5
e - Petrify               Tmut/Erth      100%         1%          4
f - Mephitic Cloud        Conj/Pois/Air  62%          1%          3
g - Bolt of Magma         Conj/Fire/Erth 52%          1%          5

Your spell library contained the following spells:

 Spells                   Type           Power        Failure   Level
 Chain Lightning          Conj/Air       31%          88%         8
 Corona                   Hex            52%          1%          1
 Magic Dart               Conj           100%         1%          1
 Blink                    Tloc           N/A          1%          2
 Call Imp                 Summ           47%          1%          2
 Ensorcelled Hibernation  Hex/Ice        94%          1%          2
 Slow                     Hex            47%          1%          2
 Confusing Touch          Hex            47%          1%          3
 Conjure Flame            Conj/Fire      56%          1%          3
 Dazzling Flash           Conj/Hex       100%         1%          3
 Tukima's Dance           Hex            47%          1%          3
 Borgnjor's Vile Clutch   Necr/Erth      57%          1%          5
 Silence                  Hex/Air        27%          7%          5
 Shadow Creatures         Summ           N/A          54%         6


Dungeon Overview and Level Annotations

Branches:
Dungeon (1/1)

Altars:
Cheibriados
Dithmenos
Elyvilon
Fedhas
Gozag
Hepliaklqana
Kikubaaqudgha
Makhleb
Nemelex Xobeh
Okawaru
Qazlal
Ru
Sif Muna
Trog
Uskayaw
Vehumet
Wu Jian
Xom
Yredelemnul
Zin
The Shining One
Beogh
Jiyva
Lugonu

Shops:
D :*=?!:*}=([?


Innate Abilities, Weirdness & Mutations

Your system is resistant to poisons. (rPois)
You occasionally shout uncontrollably at your foes.
You are weak. (Str -2)


Message History

Something hits the bush!
Unknown command.
You start resting.
Something hits the bush!!
You start resting.
Something hits the bush!
Unknown command.
Okay, then.
Evoke which item? (* to show all) (? for menu, Esc to quit)
Aiming: Iceblast
Press: ? - help, Shift-Dir - straight line
Okay, then.
The yaktaur captain wields a +1 arbalest of chaos.
It is briefly surrounded by a scintillating aura of random colours.
The yaktaur captain shoots a bolt.
The bolt hits you!! The bolt freezes you!
* * * LOW HITPOINT WARNING * * *
You see here a bolt.
Unknown command.
The yaktaur captain shoots a bolt.
The bolt hits you!!
Ouch! That really hurt!
You die... ≈≈# §≈§≈ ############ ≈≈≈ #...#...#..# ≈≈ #...#..†#..# PP ≈ ##'###'##..# PcP ###.......'..# .PPP.

##.#.#####.####......
######..'.#(..'(#.('......
.....'..#######.@(.#......
.########.. ..#.#### .....
##.∩⌠⌠∩.#..#..#.#..# ....
.#.∩⌠⌠∩.#.#.#.#.'..# ...
§#.∩∩∩..#.....#.#..# ..
§#.∩∩∩∩.#....)#.#..# .
§#......#.#.#)).#..#
§###''###..#..#.#[.#
§#.⌠..⌠.#)....######


You could see a yaktaur captain.

Vanquished Creatures
  A deep elf blademaster (D)
  Dowan (D)
  2 deep elf annihilators (D)
  A deep elf death mage (D)
  A fire dragon (D)
  Josephine (D)
  A deep elf high priest (D)
  2 centaur warriors (D)
  4 dancing weapons (D)
  2 orc high priests (D)
  2 deep elf knights (D)
  An unseen horror (D)
  An orange crystal statue (D)
  An orc knight (D)
  6 deep elf magi (D)
  4 crystal guardians (D)
  A faun (shapeshifter) (D)
  A torpor snail (shapeshifter) (D)
  4 statues (D)
  Duvessa (D)
  3 wandering mushrooms (D)
  A queen bee (D)
  4 spriggan defenders (D)
  3 slime creatures (D)
  A shadow (D)
  A spatial vortex (D)
  3 orc warriors (D)
  A necrophage (D)
  2 centaurs (D)
  An earth elemental (D)
  A water elemental (D)
  32 killer bees (D)
  A jelly (D)
  Crazy Yiuf (D)
  4 orc priests (D)
  An orc wizard (D)
  A wizard (D)
  Jessica (D)
  A necromancer (D)
  3 humans (D)
  A kobold demonologist (D)
  11 orcs (D)
  2 rats (D)
118 creatures vanquished.

Vanquished Creatures (others)
  8 plants (D)
8 creatures vanquished.

Grand Total: 126 creatures vanquished

Notes
Turn   | Place    | Note
-------+----------+-------------------------------------------
     0 | D        | mhtbhm the Deep Elf Earth Elementalist began the quest for
                  | the Orb.
     0 | D        | Reached XP level 1. HP: 10/10 MP: 6/6
    34 | D        | Noticed Jessica
    37 | D        | Killed Jessica
    38 | D        | Reached skill level 4 in Spellcasting
    38 | D        | Reached skill level 5 in Earth Magic
    38 | D        | Reached XP level 2. HP: 15/15 MP: 5/9
    86 | D        | Learned a level 2 spell: Passwall
   106 | D        | Gained mutation: Scrolls take you a little longer to read.
                  | [potion of mutation]
   106 | D        | Gained mutation: Your spells are a little harder to cast,
                  | but a little more powerful. [potion of mutation]
   107 | D        | Lost mutation: Scrolls take you a little longer to read.
                  | [potion of mutation]
   107 | D        | Lost mutation: Your spells are a little harder to cast, but
                  | a little more powerful. [potion of mutation]
   107 | D        | Gained mutation: You are clumsy. (Dex -2) [potion of
                  | mutation]
   107 | D        | Gained mutation: You occasionally shout uncontrollably at
                  | your foes. [potion of mutation]
   107 | D        | Gained mutation: You expend magic power (3 MP) to
                  | strengthen your wands. [potion of mutation]
   108 | D        | Lost mutation: You are clumsy. (Dex -2) [potion of
                  | mutation]
   108 | D        | Lost mutation: You expend magic power (3 MP) to strengthen
                  | your wands. [potion of mutation]
   108 | D        | Gained mutation: You are weak. (Str -2) [potion of
                  | mutation]
   108 | D        | Gained mutation: Your system is resistant to poisons.
                  | (rPois) [potion of mutation]
   111 | D        | Noticed Crazy Yiuf
   117 | D        | Reached skill level 5 in Spellcasting
   117 | D        | Reached XP level 3. HP: 19/19 MP: 3/11
   185 | D        | Killed Crazy Yiuf
   186 | D        | Reached XP level 4. HP: 24/24 MP: 9/13
   207 | D        | Learned a level 3 spell: Stone Arrow
   207 | D        | Noticed a water elemental
   209 | D        | Killed a water elemental
   210 | D        | Reached skill level 5 in Dodging
   210 | D        | Reached skill level 7 in Spellcasting
   247 | D        | Found a radiant altar of Vehumet.
   247 | D        | Found a shimmering blue altar of Sif Muna.
   247 | D        | Found an ancient bone altar of Kikubaaqudgha.
   247 | D        | Noticed a wizard
   248 | D        | Killed a wizard
   249 | D        | Reached XP level 5. HP: 28/28 MP: 15/17
   254 | D        | Became a worshipper of Vehumet
   376 | D        | Learned a level 5 spell: Lee's Rapid Deconstruction
   381 | D        | Learned a level 4 spell: Petrify
   385 | D        | Learned a level 3 spell: Mephitic Cloud
   385 | D        | Found a glowing silver altar of Zin.
   385 | D        | Found a glowing golden altar of the Shining One.
   385 | D        | Found a white marble altar of Elyvilon.
   385 | D        | Noticed a deep elf mage
   387 | D        | Noticed a tarantella
   387 | D        | Noticed a demonic crawler
   387 | D        | Killed a deep elf mage
   388 | D        | Reached skill level 5 in Stealth
   388 | D        | Reached skill level 11 in Spellcasting
   388 | D        | Reached XP level 6. HP: 32/32 MP: 7/22
   388 | D        | Reached XP level 7. HP: 36/36 MP: 7/23
   477 | D        | Found a hide-covered altar of Uskayaw.
   477 | D        | Found a roughly hewn altar of Beogh.
   477 | D        | Found an iron altar of Okawaru.
   477 | D        | Found a bloodstained altar of Trog.
   477 | D        | Found an ornate altar of the Wu Jian Council.
   477 | D        | Noticed a human
   477 | D        | Noticed a human
   479 | D        | Killed a human
   479 | D        | Killed a human
   479 | D        | Reached * piety under Vehumet
   479 | D        | Offered knowledge of Freeze by Vehumet.
   480 | D        | Reached skill level 12 in Spellcasting
   545 | D        | Found a basalt altar of Yredelemnul.
   545 | D        | Found a shadowy altar of Dithmenos.
   545 | D        | Found a sacrificial altar of Ru.
   572 | D        | Reached ** piety under Vehumet
   572 | D        | Noticed a shadow
   576 | D        | Killed a shadow
   577 | D        | Reached skill level 13 in Spellcasting
   577 | D        | Reached XP level 8. HP: 41/41 MP: 9/27
   673 | D        | Found a blossoming altar of Fedhas.
   673 | D        | Found a stormy altar of Qazlal.
   673 | D        | Found a snail-covered altar of Cheibriados.
   673 | D        | Found a burning altar of Makhleb.
   673 | D        | Found a shimmering altar of Xom.
   674 | D        | Found a hazy altar of Hepliaklqana.
   674 | D        | Found an opulent altar of Gozag.
   674 | D        | Found a sparkling altar of Nemelex Xobeh.
   674 | D        | Found a corrupted altar of Lugonu.
   674 | D        | Found a viscous altar of Jiyva.
   676 | D        | Offered knowledge of Shock by Vehumet.
   732 | D        | Noticed Josephine
   740 | D        | Killed Josephine
   741 | D        | Reached skill level 15 in Spellcasting
   741 | D        | Reached skill level 1 in Poison Magic
   741 | D        | Reached XP level 9. HP: 45/45 MP: 12/30
   826 | D        | Offered knowledge of Frozen Ramparts by Vehumet.
   826 | D        | Reached *** piety under Vehumet
   885 | D        | Noticed a centaur warrior
   889 | D        | Reached skill level 1 in Air Magic
   889 | D        | Reached skill level 15 in Earth Magic
   890 | D        | Reached skill level 16 in Spellcasting
   891 | D        | Killed a centaur warrior
   892 | D        | Reached skill level 17 in Spellcasting
   892 | D        | Reached skill level 1 in Conjurations
  1085 | D        | Killed an unseen horror
  1085 | D        | Offered knowledge of Iskenderun's Mystic Blast by Vehumet.
  1085 | D        | Reached **** piety under Vehumet
  1165 | D        | Noticed a wandering mushroom
  1169 | D        | Noticed a wandering mushroom
  1172 | D        | Killed a wandering mushroom
  1173 | D        | Reached skill level 18 in Spellcasting
  1174 | D        | Noticed a wandering mushroom
  1179 | D        | Killed a wandering mushroom
  1185 | D        | Killed a wandering mushroom
  1186 | D        | Reached XP level 10. HP: 50/50 MP: 10/34
  1327 | D        | Noticed an orc knight
  1328 | D        | Offered knowledge of Yara's Violent Unravelling by Vehumet.
  1328 | D        | Reached ***** piety under Vehumet
  1332 | D        | Noticed an orc high priest
  1344 | D        | Noticed a sixfirhy
  1349 | D        | Killed an orc knight
  1349 | D        | Reached ****** piety under Vehumet
  1350 | D        | Reached skill level 19 in Spellcasting
  1351 | D        | Killed an orc high priest
  1352 | D        | Reached skill level 1 in Evocations
  1420 | D        | Found Horaij's Book Shop.
  1539 | D        | Noticed a deep elf mage
  1539 | D        | Noticed a deep elf knight
  1539 | D        | Noticed a deep elf mage
  1539 | D        | Noticed a deep elf mage
  1539 | D        | Noticed a deep elf knight
  1548 | D        | Killed a deep elf knight
  1548 | D        | Offered knowledge of Conjure Ball Lightning by Vehumet.
  1548 | D        | Killed a deep elf mage
  1549 | D        | Reached skill level 20 in Spellcasting
  1551 | D        | Killed a deep elf knight
  1552 | D        | Killed a deep elf mage
  1555 | D        | Killed a deep elf mage
  1556 | D        | Reached skill level 21 in Spellcasting
  1640 | D        | Noticed a deep elf annihilator
  1645 | D        | Noticed a deep elf mage
  1901 | D        | Noticed a deep elf mage
  1904 | D        | Killed a deep elf mage
  1905 | D        | Reached XP level 11. HP: 55/55 MP: 31/38
  1906 | D        | Noticed a deep elf blademaster
  1908 | D        | Noticed a deep elf high priest
  1909 | D        | Killed a deep elf mage
  1909 | D        | Offered knowledge of Fireball by Vehumet.
  1910 | D        | Noticed a deep elf annihilator
  1912 | D        | Killed a deep elf annihilator
  1913 | D        | Identified the ring "Xaloch" {rElec rPois Int+4 Dex-3}
  1913 | D        | Noticed a deep elf death mage
  2163 | D        | Killed a deep elf annihilator
  2164 | D        | Reached skill level 22 in Spellcasting
  2170 | D        | Killed a deep elf high priest
  2373 | D        | Killed a deep elf blademaster
  2374 | D        | Killed a deep elf death mage
  2375 | D        | Reached skill level 23 in Spellcasting
  2404 | D        | Got a flickering silver amulet
  2411 | D        | Got a vibrating amber ring
  2413 | D        | Got a pair of fine boots
  2419 | D        | Identified the cursed +0 pair of boots "Ralemam" {*Contam
                  | rN+ Slay+2} (You found it in the Dungeon)
  2497 | D        | Identified the amulet of Giur {Inacc rElec rF+++ rN++
                  | Dex-3} (You found it in the Dungeon)
  2502 | D        | Identified the ring of Peret {rN+ Str+4 Int+6 Dex+4} (You
                  | found it in the Dungeon)
  2562 | D        | Offered knowledge of Iskenderun's Battlesphere by Vehumet.
  2711 | D        | Noticed Dowan
  2711 | D        | Noticed Duvessa
  2716 | D        | Killed Duvessa
  2717 | D        | Reached XP level 12. HP: 60/60 MP: 24/41
  2718 | D        | Killed Dowan
  2718 | D        | Offered knowledge of Starburst by Vehumet.
  2719 | D        | Reached skill level 24 in Spellcasting
  2963 | D        | Found Walam's General Store.
  2963 | D        | Found Firph's Jewellery Shop.
  2963 | D        | Found Jyrofour's Distillery.
  2963 | D        | Found Omih Uxo's Magic Scroll Shoppe.
  2963 | D        | Found Sulosili's Book Boutique.
  2963 | D        | Found Vasaryff's Gadget Emporium.
  2963 | D        | Found Rolu's Magic Scroll Shoppe.
  2963 | D        | Found Poimia's Jewellery Shop.
  2963 | D        | Found Henaal's Antique Armour Emporium.
  2963 | D        | Found Geh Toq's Assorted Antiques.
  2963 | D        | Found Xerudgh's Antique Weapon Boutique.
  2997 | D        | Bought a scroll of identify for 26 gold pieces
  2997 | D        | Bought 2 scrolls of blinking for 195 gold pieces
  2997 | D        | Bought a scroll of immolation for 45 gold pieces
  3003 | D        | Bought an embroidered hat for 182 gold pieces
  3003 | D        | Bought a pair of glowing gloves for 195 gold pieces
  3055 | D        | Offered knowledge of Lightning Bolt by Vehumet.
  3196 | D        | Reached skill level 25 in Spellcasting
  3285 | D        | Offered knowledge of Bolt of Magma by Vehumet.
  3360 | D        | Learned a level 5 spell: Bolt of Magma
  3360 | D        | Noticed a two-headed ogre
  3361 | D        | a two-headed ogre changed into a torpor snail
  3375 | D        | Noticed a centaur warrior
  3377 | D        | Killed a centaur warrior
  3421 | D        | Noticed a fire dragon
  3429 | D        | Killed a fire dragon
  3590 | D        | Offered knowledge of Chain Lightning by Vehumet.
  3602 | D        | Reached skill level 26 in Spellcasting
  3704 | D        | Noticed a yaktaur captain
  3722 | D        | Shot with a bolt by a yaktaur captain

Illustrated notes

Levels and vault maps discovered:
D:        dungeon_sprint_mu [sprint_mu_entry_cave, sprint_mu_temple_rooms,
          sprint_mu_d1_horrors, sprint_mu_d2_genie, sprint_mu_d3_branching,
          sprint_mu_orc_legion, sprint_mu_elf_gauntlet, sprint_mu_hive_nellie,
          sprint_mu_lair_fedhas, sprint_mu_vaults_butterflies,
          sprint_mu_slime_circle, sprint_mu_swamp_cave, sprint_mu_shoals_kraken,
          sprint_mu_blade_basic, sprint_mu_crypt_lich, sprint_mu_tomb_spiral,
          sprint_mu_vestibule_basic, sprint_mu_gehenna_hellfire,
          sprint_mu_dis_giant, sprint_mu_tartarus_statrot,
          sprint_mu_cocytus_islands, sprint_mu_zot1]

Skill      XL: |  1  2  3  4  5  6  7  8  9 10 11 12 |
---------------+-------------------------------------+-----
Dodging        | 4 5 6 7 |  7.4
Stealth        | 3 4 5 6 |  6.5
Spellcasting   | 4 5 7 11 13 15 18 21 23 26 | 26.3
Earth Magic    | 5 6 7 8 12 13 14 16 18 20 23 | 23.1
Transmutations | 2 3 |  3.2
Poison Magic   | 1 2 3 |  3.1
Air Magic      | 1 2 |  2.5
Conjurations   | 2 3 |  3.2
Evocations     | 1 2 3 |  3.1
Fighting       | |  0.7

Action                   |  1- 3 |  4- 6 |  7- 9 | 10-12 || total
-------------------------+-------+-------+-------+-------++-------
 Cast: Sandblast         |     9 |     4 |       |     4 ||    17
       Passwall          |     1 |       |       |       ||     1
       Lee's Rapid Decon |       |     2 |    22 |    97 ||   121
       Mephitic Cloud    |       |       |     3 |     7 ||    10
       Stone Arrow       |       |       |    10 |     2 ||    12
       Petrify           |       |       |       |     1 ||     1
Evoke: Wand              |       |       |       |     9 ||     9
  Use: Potion            |     3 |       |       |     4 ||     7
       Scroll            |       |       |       |     1 ||     1
Armor: Robe              |       |       |     1 |       ||     1
Dodge: Dodged            |       |       |     1 |    11 ||    12

Table legend: (Time is in decaauts)
 A = Elapsed time spent in this place.
 B = Non-inter-level travel time spent in this place.
 C = Inter-level travel time spent in this place.
 D = Time resting spent in this place.
 E = Time spent auto-exploring this place.
 F = Levels seen in this place.
 G = Mean time per level.
                   A        B        C        D        E       F      G
               +--------+--------+--------+--------+--------+-----+--------+
         Total |   3726 |   3711 |     15 |   2581 |     13 |   1 | 3726.0 |
       Dungeon |   3726 |   3711 |     15 |   2581 |     13 |   1 | 3726.0 |
               +--------+--------+--------+--------+--------+-----+--------+

Top non-repeatable levels by time:
       D: 3726 daAuts
